 Dungeon Crawl Stone Soup version 0.22-a0-348-gd16d139 (webtiles) character file.

93 xccam the Skirmisher (level 4, -5/41 HPs)
             Began as a Gnoll Wanderer on Apr 7, 2018.
             Slain by Grinder (6 damage)
             ... while paralysed by Grinder
             ... on level 3 of the Dungeon.
             The game lasted 00:03:56 (2414 turns).

xccam the Skirmisher (Gnoll Wanderer)               Turns: 2414, Time: 00:03:56

Health: -5/41      AC:  3    Str: 15    XL:     4   Next: 62%
Magic:  6/6        EV:  2    Int: 14    God:    Xom [..*...]
Gold:   37         SH:  0    Dex: 15    Spells: 5/5 levels left

rFire    . . .     SeeInvis +   d - +0 quarterstaff
rCold    . . .     Gourm    .   (shield currently unavailable)
rNeg     . . .     Faith    .   h - +0 leather armour (curse)
rPois    .         Spirit   .   (no helmet)
rElec    .         Reflect  .   (no cloak)
rCorr    .         Harm     .   (no gloves)
MR       .....                  (no boots)
Stlth    +++.......             (no amulet)
HPRegen  0.13/turn              p - ring of see invisible
MPRegen  0.10/turn              (no ring)

@: paralysed
A: distributed training, fangs 1, strong nose
a: Renounce Religion


You were on level 3 of the Dungeon.
You worshipped Xom.
You were a toy of Xom.
You were not hungry.

You visited 1 branch of the dungeon, and saw 3 of its levels.

You collected 37 gold pieces.

Inventory:

Hand Weapons
 a - a +2 dagger
 d - a +0 quarterstaff (weapon)
Armour
 h - a cursed +0 leather armour (worn)
 j - a +0 chain mail
 n - a +0 large shield
Jewellery
 p - a ring of see invisible (left hand)
Scrolls
 e - a scroll of teleportation {unknown}
 i - 2 scrolls of remove curse {unknown}
 m - 2 scrolls of identify {unknown}
 o - a scroll of enchant weapon {unknown}
Potions
 b - a potion of haste
 c - 3 potions of curing
 g - 2 potions of mutation {unknown}
 k - a potion of flight {unknown}
 l - 2 potions of cancellation {unknown}
Comestibles
 f - 5 rations


   Skills:
 + Level 6.6 Fighting
 + Level 1.2 Short Blades
 + Level 2.8 Long Blades
 + Level 1.2 Axes
 + Level 1.2 Maces & Flails
 + Level 1.2 Polearms
 + Level 2.8 Staves
 + Level 1.2 Slings
 + Level 1.2 Bows
 + Level 1.2 Crossbows
 + Level 1.2 Throwing
 + Level 1.2 Armour
 + Level 1.2 Dodging
 + Level 6.0 Stealth
 + Level 2.8 Shields
 + Level 1.2 Unarmed Combat
 + Level 1.2 Spellcasting
 + Level 1.0 Conjurations
 + Level 1.0 Hexes
 + Level 1.0 Charms
 + Level 1.0 Summonings
 + Level 1.0 Necromancy
 + Level 1.0 Translocations
 + Level 1.0 Transmutations
 + Level 1.0 Fire Magic
 + Level 1.0 Ice Magic
 + Level 1.0 Air Magic
 + Level 1.0 Earth Magic
 + Level 1.0 Poison Magic
 + Level 1.3 Invocations
 + Level 2.8 Evocations


You had 5 spell levels left.
You didn't know any spells.

Dungeon Overview and Level Annotations

Branches:
Dungeon (3/15)

Altars:
Wu Jian
Xom

Annotations:
D:3 Grinder


Innate Abilities, Weirdness & Mutations

Your experience applies equally to all skills.
You have very sharp teeth.
Your uncanny sense of smell can sniff out nearby items.


Message History

You start resting.
Grinder barely misses you.
You see here a quokka corpse.
You hit Grinder.
Grinder is lightly wounded.
Grinder completely misses you. Grinder closely misses you.
You hit Grinder but do no damage.
Grinder is lightly wounded.
Grinder gestures at you.
You suddenly lose the ability to move!
Grinder hits you! Grinder hits you.
* * * LOW HITPOINT WARNING * * *
You writhe in agony.
* * * LOW HITPOINT WARNING * * *
Grinder hits you.
* * * LOW HITPOINT WARNING * * *
You writhe in agony.
You die...
Xom chortles!

#.......##......##.#.#.
#.......##......##.#.#.
###.......##......##.#∆#.
..........##......##.# #.
....).....# ###.####.# #.
..........# #+# #.
..........### #.
............# (.
#####..@...# ####5..#
#...# #...# #...# #...#
#######...# ........[.#
.....?....#


You could see Grinder.

Vanquished Creatures
  3 adders
  2 worms
  2 leopard geckos
  5 orcs (D:3)
  A giant cockroach (D:1)
  6 goblins
  6 hobgoblins
  4 jackals (D:1)
  11 kobolds
  2 quokkas (D:3)
  2 bats
  2 frilled lizards
  7 rats
53 creatures vanquished.

Notes
Turn   | Place    | Note
-------+----------+-------------------------------------------
     0 | D:1      | xccam the Gnoll Wanderer began the quest for the Orb.
     0 | D:1      | xccam set off with: a +2 dagger, a potion of haste, a potion of curing, a +0 quarterstaff, a +0 robe, a ration
     0 | D:1      | Reached XP level 1. HP: 23/23 MP: 2/2
   161 | D:1      | Reached XP level 2. HP: 10/29 MP: 3/3
   888 | D:2      | Reached XP level 3. HP: 35/35 MP: 4/4
  1305 | D:2      | Reached skill level 1 in Invocations
  1341 | D:2      | Found a faded altar of an unknown god.
  1349 | D:2      | Became a worshipper of Xom of Bone-Dry Humour
  1662 | D:3      | XOM is BORED!
  1662 | D:3      | XOM: medium Tloc miscast
  1820 | D:3      | Reached skill level 1 in Short Blades
  1820 | D:3      | Reached skill level 1 in Axes
  1820 | D:3      | Reached skill level 1 in Maces & Flails
  1820 | D:3      | Reached skill level 1 in Polearms
  1820 | D:3      | Reached skill level 1 in Slings
  1820 | D:3      | Reached skill level 1 in Bows
  1820 | D:3      | Reached skill level 1 in Crossbows
  1820 | D:3      | Reached skill level 1 in Throwing
  1820 | D:3      | Reached skill level 1 in Armour
  1820 | D:3      | Reached skill level 1 in Dodging
  1820 | D:3      | Reached skill level 1 in Unarmed Combat
  1820 | D:3      | Reached skill level 1 in Spellcasting
  1830 | D:3      | Reached XP level 4. HP: 26/41 MP: 4/6
  1839 | D:3      | Found an ornate altar of the Wu Jian Council.
  1881 | D:3      | XOM: smoke on damage
  1888 | D:3      | HP: 1/41 [worm (9)]
  2322 | D:3      | Noticed Grinder
  2368 | D:3      | Reached skill level 1 in Conjurations
  2368 | D:3      | Reached skill level 1 in Hexes
  2368 | D:3      | Reached skill level 1 in Charms
  2368 | D:3      | Reached skill level 1 in Summonings
  2368 | D:3      | Reached skill level 1 in Necromancy
  2368 | D:3      | Reached skill level 1 in Translocations
  2368 | D:3      | Reached skill level 1 in Transmutations
  2368 | D:3      | Reached skill level 1 in Fire Magic
  2368 | D:3      | Reached skill level 1 in Ice Magic
  2368 | D:3      | Reached skill level 1 in Air Magic
  2368 | D:3      | Reached skill level 1 in Earth Magic
  2368 | D:3      | Reached skill level 1 in Poison Magic
  2411 | D:3      | Paralysed by Grinder for 6 turns
  2414 | D:3      | HP: 1/41 [Grinder (5)]
  2414 | D:3      | Slain by Grinder

Vault maps used:
D:1:      minmay_arrival_hallway
D:2:      nicolae_overflow_hidden_temple, first_ration,
          chequers_ecumenical_altar_simple
D:3:      lemuel_crystal_altar, uniq_grinder, uniq_jessica, uniq_purgy

Skill      XL: |  1  2  3  4 |
---------------+-------------+-----
Stealth        | 6 |  6.0
Invocations    | 1 |  1.3
Short Blades   | 1 |  1.2
Axes           | 1 |  1.2
Maces & Flails | 1 |  1.2
Polearms       | 1 |  1.2
Slings         | 1 |  1.2
Bows           | 1 |  1.2
Crossbows      | 1 |  1.2
Throwing       | 1 |  1.2
Armour         | 1 |  1.2
Dodging        | 1 |  1.2
Unarmed Combat | 1 |  1.2
Spellcasting   | 1 |  1.2
Conjurations   | 1 |  1.0
Hexes          | 1 |  1.0
Charms         | 1 |  1.0
Summonings     | 1 |  1.0
Necromancy     | 1 |  1.0
Translocations | 1 |  1.0
Transmutations | 1 |  1.0
Fire Magic     | 1 |  1.0
Ice Magic      | 1 |  1.0
Air Magic      | 1 |  1.0
Earth Magic    | 1 |  1.0
Poison Magic   | 1 |  1.0
Fighting       | |  6.6
Long Blades    | |  2.8
Staves         | |  2.8
Shields        | |  2.8
Evocations     | |  2.8

Action                   |  1- 3 |  4- 6 || total
-------------------------+-------+-------++-------
Melee: Quarterstaff      |   104 |    44 ||   148
       Bite              |    10 |     2 ||    12
  Use: Potion            |       |     1 ||     1
 Stab: Sleeping          |     9 |     1 ||    10
  Eat: Chunk             |     2 |     3 ||     5
Armor: Leather armour    |    28 |     8 ||    36
       Robe              |     1 |       ||     1
Dodge: Dodged            |    68 |    38 ||   106

Table legend:
 A = Spawn XP
 B = Non-spawn XP
 C = Spawn XP percentage of total XP
 D = Spawn monster count
 E = Non-spawn monster count
 F = Spawn count percentage of total count
 G = Total turns spent on level
                    A         B        C        D         E        F      G
               +---------+---------+-------+---------+---------+-------+---------
         Total |       0 |     134 |   0.0 |       0 |      53 |   0.0 |  2414
               +---------+---------+-------+---------+---------+-------+---------
           D:1 |       0 |      29 |   0.0 |       0 |      19 |   0.0 |   838
           D:2 |       0 |      37 |   0.0 |       0 |      13 |   0.0 |   815
           D:3 |       0 |      68 |   0.0 |       0 |      21 |   0.0 |   761
               +---------+---------+-------+---------+---------+-------+---------
